Construct Infanterie Kompanie
Construct Panzergrenadier Kompanie
Pak 40 Anti-tank Gun Team
Nebelwerfer 42 Rocket Launcher Team
Selects Luftwaffe Battlegroup
Selects Luftwaffe Pioneer Support
Selects Flak 38 Anti-Air Emplacement
Selects Infantry Reserves
Construct Panzer Kompanie
Pak 40 Anti-tank Gun Team
Construct Luftwaffe Kompanie
Marder III M Tank Destroyer
Selects Reconnaissance Run
Selects Fallschirmjäger Squad Paradrop
Marder III M Tank Destroyer
Marder III M Tank Destroyer